 Dungeon Crawl Stone Soup version 0.30-a0-802-gb92711b (webtiles) character file.

Game seed: 168647985818410199

4 FineSilver the Conjurer (level 1, -1/10 HPs)
             Began as a Tengu Conjurer on Feb 23, 2023.
             Slain by a worm (11 damage)
             ... on level 2 of the Dungeon.
             The game lasted 00:07:40 (253 turns).

FineSilver the Conjurer (Tengu Conjurer)             Turns: 253, Time: 00:07:40

Health: -1/10      AC:  3    Str:  7    XL:     1   Next: 70%
Magic:  4/4        EV: 11    Int: 18    God:
Gold:   27         SH:  0    Dex: 12    Spells: 3/4 levels left

rFire   . . .      SeeInvis .    c - +0 short sword
rCold   . . .      Faith    .    (no shield)
rNeg    . . .      Spirit   .    e - +0 leather armour
rPois   .          Reflect  .    (helmet restricted)
rElec   .          Harm     .    (no cloak)
rCorr   .          Rampage  .    (no gloves)
Will    .....                    (boots unavailable)
Stlth   ++                       (no amulet)
HPRegen 0.21/turn                (no ring)
MPRegen 0.09/turn                (no ring)

@: no status effects
A: beak, talons 3
a: no special abilities


You were on level 2 of the Dungeon.
You visited 1 branch of the dungeon, and saw 2 of its levels.

You collected 27 gold pieces.

Inventory:

Hand Weapons
 c - a +0 short sword (weapon)
 d - a +0 sling
 f - a +0 dagger
 g - a +0 dagger
Armour
 a - a +0 robe
 e - a +0 leather armour (worn)
Potions
 b - a potion of magic


   Skills:
 + Level 2.1 Dodging
 + Level 2.0 Stealth
 + Level 2.0 Spellcasting
 + Level 5.7 Conjurations


You had 3 spell levels left.
You knew the following spells:

 Your Spells              Type           Power      Damage    Failure   Level
a - Magic Dart            Conj           88%        1d7       2%          1

Your spell library contained the following spells:

 Spells                   Type           Power      Damage    Failure   Level
 Searing Ray              Conj           44%        2d6       4%          2
 Dazzling Flash           Conj/Hex       24%        N/A       26%         3
 Fulminant Prism          Conj/Hex       6%         3d7       63%         4
 Iskenderun's Mystic Bla  Conj/Tloc      12%        2d5       63%         4


Dungeon Overview and Level Annotations

Branches:
Dungeon (2/15)

Altars:


Innate Abilities, Weirdness & Mutations

You have a beak for a mouth.
You have claws for feet.


Message History

You climb downwards.
Found 8 gold pieces.
There is a stone staircase leading up here.
Found a scroll labelled FADIPPA YWUTOTU.
h - a scroll labelled FADIPPA YWUTOTU Char dumped successfully.
A worm comes into view.
You see here 8 gold pieces.
Sorry, you're not good enough to have a special ability.
A worm is nearby!
You see here 8 gold pieces.
You now have 27 gold pieces (gained 8).
Sorry, you're not good enough to have a special ability.
Sorry, you're not good enough to have a special ability.
d - a +0 sling (weapon)
A hobgoblin comes into view.
The hobgoblin shouts!
Okay, then.
Okay, then.
Fire: d) +0 sling
Press: ? - help, Q - select action, (/) - cycle Shift-Dir - straight line, f - you Really target yourself? [Y]es or [N]o only, please.
Really target yourself? [Y]es or [N]o only, please.
Really target yourself? [Y]es or [N]o only, please.
Really target yourself?
Okay, then.
You drop a scroll labelled FADIPPA YWUTOTU.
As you read the scroll labelled FADIPPA YWUTOTU, it crumbles to dust.
It is a scroll of identify.
You don't currently have any unidentified items.
The worm barely misses you.
c - a +0 short sword (weapon)
You hit the worm but do no damage.
A bat comes into view.
The worm bites you!
Ouch! That really hurt!
You die...

#....##.###.#######
##......#...<.......
##.........##..#.####
...........#.#....
##.......#..#..#.##
###...#.#.....#.#
#..b...#...## #
.#######..........
....g.w@.......####
########.......#
##...#..# ##.###.#
### .# #


You could see a worm, a hobgoblin and a bat (wandering).

Vanquished Creatures
  A goblin (D:1)
  A hobgoblin (D:1)
  A kobold (D:1)
  2 rats (D:1)
5 creatures vanquished.

Vanquished Creatures (others)
  2 plants (D:1)
2 creatures vanquished.

Grand Total: 7 creatures vanquished

Notes
Turn   | Place    | Note
-------+----------+-------------------------------------------
     0 | D:1      | FineSilver the Tengu Conjurer began the quest for the Orb.
     0 | D:1      | Reached XP level 1. HP: 10/10 MP: 4/4
   253 | D:2      | Slain by a worm

Illustrated notes

Levels and vault maps discovered:
D:1:      psy_arrival_conway, layout_basic, minmay_misc_feat_nine_boxes,
          solitary_fountain, eino_curves_02
D:2:      layout_loops_ring, hellmonk_ecumenical_altar_leap_of_faith,
          uniq_terence

Action                     || total
---------------------------++-------
  Melee: Unarmed           ||    21
         Short sword       ||    14
         Kick              ||     7
         Peck              ||     5
    Use: Scroll            ||     1
 Armour: Robe              ||     1
  Dodge: Dodged            ||    17

Table legend: (Time is in decaauts)
 A = Elapsed time spent in this place.
 B = Non-inter-level travel time spent in this place.
 C = Inter-level travel time spent in this place.
 D = Time resting spent in this place.
 E = Time spent auto-exploring this place.
 F = Levels seen in this place.
 G = Mean time per level.
                   A        B        C        D        E       F      G
               +--------+--------+--------+--------+--------+-----+--------+
         Total |    252 |    112 |    140 |      0 |      0 |   2 |  126.0 |
       Dungeon |    252 |    112 |    140 |      0 |      0 |   2 |  126.0 |
               +--------+--------+--------+--------+--------+-----+--------+

Top non-repeatable levels by time:
     D:1: 228 daAuts
     D:2: 23 daAuts
